 Dungeon Crawl Stone Soup version 0.28.0 (webtiles) character file.

Game seed: 6366488635479191351

0 SnakkuSnakku7 the Sneak (level 1, -1/19 HPs)
             Began as a Hill Orc Delver on Feb 6, 2022.
             Was an Initiate of Beogh.
             Slain by an adder (3 damage)
             ... on level 5 of the Dungeon.
             The game lasted 00:00:27 (48 turns).

SnakkuSnakku7 the Sneak (Hill Orc Delver)             Turns: 48, Time: 00:00:27

Health: -1/19      AC:  3    Str: 14    XL:     1   Next: 0%
Magic:  1/1        EV: 11    Int: 10    God:    Beogh [......]
Gold:   0          SH:  0    Dex: 12    Spells: 0/0 levels left

rFire   . . .      SeeInvis .   a - +0 hand axe
rCold   . . .      Faith    .   (no shield)
rNeg    . . .      Spirit   .   b - +0 leather armour
rPois   .          Reflect  .   (no helmet)
rElec   .          Harm     .   (no cloak)
rCorr   .          Rampage  .   (no gloves)
Will    .....                   (no boots)
Stlth   ++........              (no amulet)
HPRegen 0.06/turn               (no ring)
MPRegen 0.07/turn               (no ring)

@: hasted, very quick
A: no striking features
a: Renounce Religion


You were on level 5 of the Dungeon.
You worshipped Beogh.
Beogh was noncommittal.
You visited 1 branch of the dungeon, and saw 1 of its levels.

Inventory:

Hand Weapons
 a - a +0 hand axe (weapon)
Armour
 b - a +0 leather armour (worn)
 h - a +0 chain mail
Jewellery
 i - a ring of protection from fire
Wands
 g - a wand of digging (3)
Scrolls
 c - a scroll of fog
 d - a scroll of magic mapping
 e - a scroll of fear


   Skills:
 + Level 3.6 Fighting
 + Level 2.6 Axes
 - Level 1.5 Dodging
 - Level 4.1 Stealth


You couldn't memorise any spells.
You didn't know any spells.
Your spell library was empty.

Dungeon Overview and Level Annotations

Branches:
Dungeon (5/15)
 Temple: D:4-7

Altars:


Message History

A gnoll comes into view. It is wielding a +0 halberd.
The gnoll misses you. The howler monkey hits you.
You hear a shout!
The howler monkey hoots and howls with incredible vigour!
A jelly, 2 orcs and an orc wizard come into view.
An adder comes into view.
An orc wizard comes into view. It is wielding a +0 dagger.
An orc priest comes into view. It is wielding a +0 dagger.
The jelly moves out of view.
The adder bites you but does no damage. The orc hits you with a +0 broad axe.
* * * LOW HITPOINT WARNING * * *
The adder bites you but does no damage.
The howler monkey hoots and howls with incredible vigour!
The adder bites you but does no damage. The orc misses you.
The orc priest shouts, "Join the one true god or die!" (press Y on the ability menu to convert to Beogh)
You hear a shout!
You bow before the missionary of Beogh.
Unknown command.
Unknown command.
The adder barely misses you. The orc hits you with a +0 hand axe.
* * * LOW HITPOINT WARNING * * *
You bow before the missionary of Beogh.
Beogh welcomes you!
With a roar of approval, the orcs welcome you as one of their own, and spare your life.
The adder completely misses you.
The howler monkey hits the orc!
The orc dies!
Unknown command.
Found a mace.
The howler monkey hoots and howls with incredible vigour!
The adder closely misses you.
You hear a shout! x2 2 gnolls come into view.
The howler monkey closely misses the orc.
The orc hits something with a +0 hand axe.
The orc is burned by acid!
The orc hits the howler monkey but does no damage.
The orc closely misses something.
Something completely misses the orc.
You feel yourself speed up. The adder bites you.
You die...

..........g# #.#........
#.#.......
###################.#......
.........#..........# #...#
...........#######..# #...#
.#######.#########..####g.#####.#
#...>....(S.ohg.g........#
#..######@#..g####.####### #..#
#.#Jo.# #.# #..# #.#o.o# #.# #..#
#.#...# #!# #..# ......# #.# #..#
).##..# #.# #... gg##..# #.# ##.#
#..# #.#


You could see a howler monkey, 4 gnolls, an adder and a neutral orc (wandering).

Vanquished Creatures (others)
  An orc (D:5)
1 creature vanquished.

Notes
Turn   | Place    | Note
-------+----------+-------------------------------------------
     0 | D:5      | SnakkuSnakku7 the Hill Orc Delver began the quest for the
                  | Orb.
     0 | D:5      | Reached XP level 1. HP: 19/19 MP: 1/1
    22 | D:5      | Noticed a howler monkey
    41 | D:5      | Noticed a jelly
    41 | D:5      | Noticed an orc wizard
    41 | D:5      | Noticed an orc wizard
    41 | D:5      | Noticed an orc priest
    45 | D:5      | Became a worshipper of Beogh the Brigand
    48 | D:5      | Slain by an adder

Illustrated notes

Levels and vault maps discovered:
D:5:      layout_loops_ring, st_stairs_9

Action                   || total
-------------------------++-------
Melee: Hand axe          ||    11
Invok: Convert to Beogh  ||     1
  Use: Potion            ||     1
Armor: Leather armour    ||     7
Dodge: Dodged            ||    12
